[Event "Late-Titled-Tuesday-Blitz-October-03-2023"]
[Site "Chess.com"]
[Date "2023.10.03"]
[Round "11"]
[White "Grischuk"]
[Black "Harsha_Bharathakoti"]
[Result "1-0"]
[WhiteElo "3009"]
[BlackElo "2919"]
[TimeControl "180+1"]
[EndTime "16:01:25 PDT"]
[Termination "Grischuk won on time"]

1. d4 e6 2. e4 d5 3. e5 c5 4. c3 Nc6 5. Nf3 Qb6 6. Be2 Nge7 7.
dxc5 Qxc5 8. b4 Qb6 9. b5 Na5 10. O-O Bd7 11. a4 Qc7 12. Bd3 Ng6 13. Re1 Be7 14.
Ba3 Bxa3 15. Rxa3 O-O 16. Re3 f6 17. Bxg6 hxg6 18. Nbd2 g5 19. h3 Qd8 20. c4 dxc4 21.
Ne4 Be8 22. Nd6 Bg6 23. Qd4 Bd3 24. Raxd3 cxd3 25. Qxd3 f5 26. Re1 Qe7 27. Qe3 g4 28. hxg4 fxg4 29. Ng5 b6 30. Nde4 Nc4 31. Qg3 Rf5 32. Qh4 g6 33. Nf6+ Rxf6 34. exf6 Qxf6 35. Qh7+ Kf8 36. Nxe6+ 1-0

[Event "Late-Titled-Tuesday-Blitz-October-03-2023"]
[Site "Chess.com"]
[Date "2023.10.03"]
[Round "11"]
[White "Mikhal867"]
[Black "IngOscarArdila"]
[Result "0-1"]
[WhiteElo "2451"]
[BlackElo "2354"]
[TimeControl "180+1"]
[EndTime "16:01:25 PDT"]
[Termination "IngOscarArdila won on time"]

1. d4 Nf6 2. c4 e6 3. Nf3 Bb4+ 4.
Bd2 Qe7 5. g3 O-O 6. Bg2 Bxd2+ 7. Nbxd2 d6 8. O-O Nbd7 9. Rc1 e5 10. e3 Re8 11. Qc2 c6 12. Rfd1 Nf8 13. c5 exd4 14. Nxd4 d5 15. b4 a6 16. a4 Ne6 17. Nf5 Qc7 18.
Nd6 Rd8 19. Nb3 Ne8 20. Nf5 Ng5 21. Qb2 Bxf5 22. Nd4 Bd7 23. h4 Ne6 24. Nf5 Nf8 25.
Nd4 g6 26. h5 Ne6 27. Nf3 Bc8 28. h6 f6 29. g4 Qe7 30. Re1 Qf8 31. e4 Nf4 32.
exd5 Bxg4 33. dxc6 bxc6 34. Nd4 Qxh6 35. Bxc6 Qg5 36. f3 Bxf3+ 37. Kf1 Bxc6 38. Nxc6 Nd3 0-1

[Event "Late-Titled-Tuesday-Blitz-October-03-2023"]
[Site "Chess.com"]
[Date "2023.10.03"]
[Round "11"]
[White "vugarrasulov"]
[Black "alexrustemov"]
[Result "1-0"]
[WhiteElo "2979"]
[BlackElo "2824"]
[TimeControl "180+1"]
[EndTime "16:01:27 PDT"]
[Termination "vugarrasulov won by checkmate"]

1. Nf3 d5 2. c4 c6 3. e3 Nf6 4. Nc3 a6 5. d4 Bf5 6. Qb3 Ra7 7.
Bd2 e6 8. Be2 Bd6 9. h3 O-O 10.
a4 a5 11. O-O Na6 12. c5 Bc7 13.
Bxa6 bxa6 14. Ne2 Qb8 15. Qxb8 Rxb8 16. Bc3 Rab7 17. Nd2 Bd3 18. Rfe1 Ne4 19. Nxe4 dxe4 20. Nc1 Bc4 21. Ne2 f5 22. f3 Bd5 23. Kf2 Kf7 24. f4 h5 25. g4 hxg4 26. hxg4 Rh8 27. Rh1 Rbb8 28. g5 Bb3 29. Ng3 Kg6 30. Rxh8 Rxh8 31. Kg2 Rh4 32. Nf1 Kf7 33. Be1 Rh8 34. Nd2 Bc2 35.
Nc4 Rb8 36. Bxa5 Bxa5 37. Nxa5 Rxb2 38. Kg3 Bd3 39. Re1 Ra2 40. Nxc6 Rxa4 41. Ne5+ Ke7 42. Rh1 Ra2 43. Rh7 Kf8 44. Rh8+ Ke7 45. Rg8 Re2 46. Rxg7+ Ke8 47. c6 Rxe3+ 48. Kh4 Bf1 49. g6 Rh3+ 50. Kg5 Rc3 51. Kf6 e3 52. Rg8# 1-0

[Event "Late-Titled-Tuesday-Blitz-October-03-2023"]
[Site "Chess.com"]
[Date "2023.10.03"]
[Round "11"]
[White "victormago"]
[Black "ETTrainer"]
[Result "0-1"]
[WhiteElo "2512"]
[BlackElo "2327"]
[TimeControl "180+1"]
[EndTime "16:01:28 PDT"]
[Termination "ETTrainer won by resignation"]

1. d4 Nf6 2. c4 e6 3. Nc3 Bb4 4. Qc2 c5 5. dxc5 Bxc5 6. Nf3 O-O 7. e3 Nc6 8. Be2 b6 9. a3 Bb7 10. O-O Rc8 11. Rd1 Qc7 12. b4 Be7 13. Bb2 Rfd8 14.
Rac1 Ne5 15. Nxe5 Qxe5 16. Nd5 Qg5 17. f4 Qxd5 18. Rxd5 Nxd5 19. Qe4 Nc3 20. Qxb7 Nxe2+ 21. Kf2 Nxc1 22. Bxc1 Rxc4 23. Bd2 Rc2 24. Ke2 Bf6 25. Kd3 Ra2 26. Qxa7 d5 27. g4 h6 28. Bc3 Bxc3 29.
Kxc3 Rxh2 30. Qxb6 Rc8+ 31. Kd3 Rhc2 32. a4 R8c3+ 33.
Kd4 Rc4+ 34. Ke5 Rc6 35. Qd8+ Kh7 36. f5 R2c4 37. fxe6 fxe6 0-1

[Event "Late-Titled-Tuesday-Blitz-October-03-2023"]
[Site "Chess.com"]
[Date "2023.10.03"]
[Round "11"]
[White "MBA_CHESS_2021"]
[Black "rikchessmx"]
[Result "1-0"]
[WhiteElo "2264"]
[BlackElo "2341"]
[TimeControl "180+1"]
[EndTime "16:01:28 PDT"]
[Termination "MBA_CHESS_2021 won by checkmate"]

1. d4 Nf6 2. c4 e6 3. Nf3 d5 4.
Nc3 c6 5. e3 Nbd7 6. a3 Bd6 7.
c5 Bc7 8. b4 Qe7 9. Bb2 e5 10.
Be2 e4 11. Nd2 O-O 12. h3 Ne8 13. Qb3 Kh8 14. a4 f5 15. g3 b6 16. b5 bxc5 17. bxc6 Ndf6 18. Ba3 Bd6 19. dxc5 Bxc5 20. O-O Be6 21.
Rfc1 Bxa3 22. Qxa3 Nd6 23. Nb5 Nfe8 24. Nb3 f4 25. exf4 Bxh3 26. N3d4 e3 27. Qxe3 Ne4 28. c7 N8d6 29. Bf3 a6 30. Nxd6 Qxd6 31. Bxe4 dxe4 32.
Rc6 Qd5 33. Rac1 Rac8 34. Kh2 Bd7 35. R6c5 Qa2 36. a5 Bb5 37. R1c2 Qxa5 38. Nxb5 axb5 39. Qxe4 h6 40. Qe7 Rfe8 41. Qxe8+ Rxe8 42. c8=Q Rxc8 43. Rxc8+ Kh7 44. f5 Qa6 45. R2c6 Qa7 46. Re6 Qxf2+ 47. Kh1 Qxf5 48. Ree8 Qf3+ 49. Kh2 b4 50. Rh8+ Kg6 51. Rb8 b3 52. Rb6+ Kh5 53. Rhb8 Qe2+ 54. Kh3 Qf1+ 55.
Kh2 Qf2+ 56. Kh3 Qf5+ 57. Kh2 Qc2+ 58. Kh3 Qf5+ 59. Kh2 Qf2+ 60. Kh3 g5 61. g4# 1-0

[Event "Late-Titled-Tuesday-Blitz-October-03-2023"]
[Site "Chess.com"]
[Date "2023.10.03"]
[Round "11"]
[White "SaqoChess_Twitch"]
[Black "as9killer2"]
[Result "0-1"]
[WhiteElo "2647"]
[BlackElo "2537"]
[TimeControl "180+1"]
[EndTime "16:01:32 PDT"]
[Termination "as9killer2 won by checkmate"]

1. d4 d5 2. c4 e6 3. Nc3 a6 4. cxd5 exd5 5. Nf3 Nf6 6. Bg5 Be6 7. e3 Nbd7 8. Bd3 Bd6 9. O-O O-O 10. Qc2 h6 11. Bh4 c6 12. Rab1 Bg4 13. Bg3 Bxg3 14. hxg3 Re8 15. b4 Qe7 16. a4 b5 17. a5 Ne4 18. Bxe4 dxe4 19. Nd2 Nf6 20. Rfe1 Rac8 21.
Ne2 Nd5 22. Qc5 Qxc5 23. bxc5 Bxe2 24. Rxe2 Nc3 25. Ree1 Nxb1 26. Rxb1 Rb8 27. Rb4 f5 28. Nb3 Red8 29. Na1 Kf7 30. Nc2 Ke6 31. Rb3 b4 32.
Rxb4 Rb5 33. Rxb5 axb5 34. Nb4 Kd7 35. Kf1 Kc7 36. a6 g5 37. Ke2 g4 38. Kd2 h5 39.
Ke2 Rh8 40. Kf1 h4 41. gxh4 Rxh4 42. d5 Rh1+ 43. Ke2 cxd5 44. Nxd5+ Kc6 45. Ne7+ Kxc5 46.
Nxf5 Ra1 47. Ng3 Kd5 48. Nh5 b4 49. Nf6+ Kc4 50. Nxe4 b3 51. Nd2+ Kb4 52. Nxb3 Kxb3 53. f3 Ra2+ 54. Kd3 g3 55. f4 Rxg2 56. Ke4 Ra2 57. Kf3 g2 58. a7 g1=Q 59. a8=Q Qg2# 0-1

[Event "Late-Titled-Tuesday-Blitz-October-03-2023"]
[Site "Chess.com"]
[Date "2023.10.03"]
[Round "11"]
[White "YellowJacek"]
[Black "APOKALIPSA13"]
[Result "1-0"]
[WhiteElo "2305"]
[BlackElo "2163"]
[TimeControl "180+1"]
[EndTime "16:01:32 PDT"]
[Termination "YellowJacek won by resignation"]

1. Nf3 e6 2. g3 b6 3. Bg2 Bb7 4. O-O g5 5. d3 g4 6. Nfd2 Bxg2 7. Kxg2 f5 8. e4 h5 9. exf5 exf5 10. Re1+ Be7 11.
Nc4 Qc8 12. Bg5 Qb7+ 13. Kg1 Nc6 14. Ne5 Nxe5 15. Rxe5 h4 16. Qe2 O-O-O 17. Bxe7 hxg3 18. fxg3 Nxe7 19. Rxe7 f4 20. Qe4 fxg3 21. Qxb7+ Kxb7 22. Re2 gxh2+ 23. Rxh2 Rhe8 24. Nc3 Re5 25. Rg2 Rg8 26. Rf1 d5 27. d4 Reg5 28. Rf4 c5 29. Rd2 Rd8 30. Kg2 Rd6 31. Kg3 Kc6 32. Rxg4 Rxg4+ 33. Kxg4 cxd4 34. Rxd4 Kc5 35. Rd2 b5 36. Kf5 a5 37.
Ke5 b4 38. Ne4+ dxe4 39. Rxd6 e3 40. Rd1 a4 41. Re1 b3 42. cxb3 axb3 43. axb3 Kb4 44.
Ke4 Ka5 45. Kxe3 Kb4 46. Kd4 Ka5 47. Kc4 Kb6 48. Re6+ Kc7 49. Kc5 Kd7 50. Re5 1-0

[Event "Late-Titled-Tuesday-Blitz-October-03-2023"]
[Site "Chess.com"]
[Date "2023.10.03"]
[Round "11"]
[White "Defenstrator"]
[Black "ferrufino64"]
[Result "1-0"]
[WhiteElo "2407"]
[BlackElo "2216"]
[TimeControl "180+1"]
[EndTime "16:01:36 PDT"]
[Termination "Defenstrator won by checkmate"]

1. Nh3 e5 2. g3 d5 3. f4 e4 4. d3 exd3 5. cxd3 Nf6 6. Nf2 Bc5 7.
Bg2 O-O 8. O-O Re8 9. Kh1 Bf5 10.
Nc3 c6 11. e4 Bxf2 12. exf5 Bb6 13. g4 Nbd7 14. g5 d4 15. Ne4 Nxe4 16. dxe4 Nf8 17. e5 Qd7 18. Be4 Rad8 19. Qh5 f6 20. gxf6 gxf6 21. e6 Qe7 22. Rg1+ Kh8 23. Qf7 Nxe6 24. fxe6 Qxf7 25. exf7 Rxe4 26. f5 Rf8 27. Bh6 Rxf7 28. Rae1 Ree7 29. Rd1 c5 30. Rg4 Bc7 31. Rdg1 Re8 32. Bg7+ Kg8 33. Bxf6+ Kf8 34. Rg8# 1-0

[Event "Late-Titled-Tuesday-Blitz-October-03-2023"]
[Site "Chess.com"]
[Date "2023.10.03"]
[Round "11"]
[White "Saraisitave"]
[Black "miraitrunks"]
[Result "1-0"]
[WhiteElo "2328"]
[BlackElo "2213"]
[TimeControl "180+1"]
[EndTime "16:01:37 PDT"]
[Termination "Saraisitave won by resignation"]

1. e4 c5 2. Nf3 Nc6 3. Bb5 d6 4. O-O Bd7 5. Re1 a6 6. Bf1 g6 7. c3 Bg7 8. d4 Bg4 9. dxc5 dxc5 10. Qxd8+ Rxd8 11. Nbd2 Nf6 12. e5 Nd5 13. h3 Bxf3 14.
Nxf3 O-O 15. e6 f6 16. a3 Rd6 17. c4 Nc7 18. Bf4 Ne5 19. Nxe5 fxe5 20. Bxe5 Bxe5 21.
Rxe5 Nxe6 22. Rae1 Rf6 23. g4 Nd4 24. Bg2 e6 25.
Rxc5 b5 26. Rc8+ Kg7 27. c5 Rd7 28. c6 Rdf7 29. Rf1 Ne2+ 30. Kh2 Rxf2 31. Rxf2 Rxf2 32. Rd8 Nf4 33. Kg3 Rxg2+ 34. Kxf4 Rc2 35. Rd7+ Kh6 36. c7 g5+ 37. Ke5 Rc6 38. Re7 Rc5+ 39. Kd6 Rc2 40. Kd7 Rd2+ 41. Kc8 Rxb2 42. Rxe6+ Kg7 43. Rxa6 b4 44.
axb4 Rxb4 45. Kd7 Rd4+ 46. Rd6 Rc4 47. c8=Q Rf4 48. Qc7 Rf7+ 49. Kc6 Rxc7+ 50. Kxc7 h6 51. Kd7 Kh7 52. Ke7 Kg7 53. Re6 Kh7 54. Rf6 Kg7 55.
Rf7+ Kg6 56. Ke6 h5 57. gxh5+ Kxh5 58. Kf5 Kh4 59. Rh7+ Kg3 60. Kxg5 1-0

[Event "Late-Titled-Tuesday-Blitz-October-03-2023"]
[Site "Chess.com"]
[Date "2023.10.03"]
[Round "11"]
[White "ural58"]
[Black "canary2016"]
[Result "1-0"]
[WhiteElo "2505"]
[BlackElo "2174"]
[TimeControl "180+1"]
[EndTime "16:01:39 PDT"]
[Termination "ural58 won on time"]

1. e4 c5 2. b3 d5 3. exd5 Qxd5 4.
Nc3 Qd8 5. Bb2 Nf6 6. Nf3 Bg4 7. h3 Bh5 8. Bb5+ Nbd7 9. Qe2 e6 10. O-O-O Be7 11.
g4 Bg6 12. Ne5 O-O 13. Nxg6 hxg6 14. f4 a6 15. Bd3 b5 16. h4 Nb6 17. h5 Rc8 18. hxg6 fxg6 19. Bxg6 Nfd5 20. Qh2 Bh4 21.
Qxh4 Qxh4 22. Rxh4 Nxf4 23. Bh7+ Kf7 24. Ne4 Ke7 25.
Bxg7 Rf7 26. Be5 Ne2+ 27. Kb1 Nd7 28. Bb2 e5 29. Bf5 Rg8 30. Bxd7 Kxd7 31. Bxe5 Re8 32.
Nxc5+ Kc6 33. Nd3 Rd7 34. Re1 1-0

[Event "Late-Titled-Tuesday-Blitz-October-03-2023"]
[Site "Chess.com"]
[Date "2023.10.03"]
[Round "11"]
[White "aistrel"]
[Black "gabduschew"]
[Result "1-0"]
[WhiteElo "2552"]
[BlackElo "2427"]
[TimeControl "180+1"]
[EndTime "16:01:42 PDT"]
[Termination "aistrel won on time"]

1. d4 Nc6 2. Nc3 d5 3. Bf4 a6 4. f3 e6 5. a3 Bd6 6. Nh3 Nge7 7.
e4 Ng6 8. Bxd6 Qxd6 9. e5 Qe7 10. f4 Nh4 11. Qd3 Nf5 12. Ne2 h5 13. Ng5 Bd7 14.
g3 Na5 15. a4 c5 16. Bh3 Nxd4 17. Nxd4 cxd4 18. O-O g6 19. Qxd4 Rc8 20. Rf2 Nc6 21. Qd2 Qc5 22. c3 h4 23. Kh1 hxg3 24. hxg3 d4 25.
Rd1 Ne7 26. Qxd4 Bc6+ 27. Kg1 Qd5 28. Bg2 Qxd4 29. Rxd4 Nf5 30. Rd3 Bxa4 31. Bxb7 Rb8 32. Be4 1-0

[Event "Late-Titled-Tuesday-Blitz-October-03-2023"]
[Site "Chess.com"]
[Date "2023.10.03"]
[Round "11"]
[White "jcibarra"]
[Black "FabianoCaruana"]
[Result "0-1"]
[WhiteElo "2956"]
[BlackElo "3086"]
[TimeControl "180+1"]
[EndTime "16:01:45 PDT"]
[Termination "FabianoCaruana won on time"]

1. e4 c5 2. Nf3 e6 3. d3 Nc6 4. g3 g6 5. Bg2 Bg7 6. O-O Nge7 7. c3 d5 8. Qe2 O-O 9. e5 b5 10. h4 h6 11. Bf4 Nf5 12. Nbd2 Bb7 13. Nb3 Qe7 14. d4 cxd4 15. cxd4 Rfc8 16. Qd2 b4 17.
Rfc1 Ba6 18. Kh2 Bc4 19. Kh3 a5 20. g4 Nxh4 21. Nxh4 g5 22. Bg3 a4 23. Nc5 Nxd4 24. Qxd4 gxh4 25. Rxc4 dxc4 26. Bxh4 Qxc5 27. Qxc5 Rxc5 28.
Bxa8 Bxe5 29. Rb1 b3 30. a3 Bxb2 31. Be7 Rc8 32. Be4 c3 33. Bf6 Bxa3 34. g5 h5 35. Kg2 c2 36. Rh1 Bf8 37. Rxh5 Bg7 38. Rh7 Bxf6 39.
gxf6 c1=Q 40. Rg7+ Kf8 41. Bh7 Ke8 0-1

[Event "Late-Titled-Tuesday-Blitz-October-03-2023"]
[Site "Chess.com"]
[Date "2023.10.03"]
[Round "11"]
[White "dretch"]
[Black "GMBenjaminBok"]
[Result "1-0"]
[WhiteElo "2857"]
[BlackElo "2970"]
[TimeControl "180+1"]
[EndTime "16:01:51 PDT"]
[Termination "dretch won by resignation"]

1. d4 Nf6 2. c4 e6 3. Nf3 b6 4. g3 Ba6 5. Qc2 c5 6. Bg2 Nc6 7. d5 exd5 8. cxd5 Nxd5 9. O-O Be7 10. Rd1 Bb7 11. a3 Nc7 12. Nc3 O-O 13. Bf4 Ne6 14.
Ne5 Ncd4 15. Qa4 Bxg2 16. Kxg2 Bd6 17. Qxd7 g5 18. Ne4 Bc7 19. e3 gxf4 20. exd4 Nxd4 21.
Qg4+ Kh8 22. Qh5 Bxe5 23. Qxe5+ f6 24. Qxf4 Qd5 25. f3 Rae8 26. Rd2 f5 27. Nc3 Qe6 28. Rf1 Qf7 29. a4 Re6 30. Nb5 Nb3 31. Rdf2 a6 32. Nd6 Qg6 33. Rd1 Nd4 34. Nc4 Rfe8 35. a5 Ne2 36.
Qd2 bxa5 37. Nd6 Rf8 38. Rxe2 Ref6 39. Qc3 f4 40. Ne4 1-0

[Event "Late-Titled-Tuesday-Blitz-October-03-2023"]
[Site "Chess.com"]
[Date "2023.10.03"]
[Round "11"]
[White "TanitoluwaAps116"]
[Black "Polish_fighter3000"]
[Result "0-1"]
[WhiteElo "2668"]
[BlackElo "3050"]
[TimeControl "180+1"]
[EndTime "16:01:51 PDT"]
[Termination "Polish_fighter3000 won by resignation"]

1. e4 d5 2. exd5 c6 3. dxc6 Nxc6 4. Bb5 e5 5. Ne2 Nf6 6. O-O Bc5 7. c3 O-O 8. d4 exd4 9. Bxc6 bxc6 10. cxd4 Bb6 11.
Nbc3 Re8 12. Bg5 h6 13. Bh4 g5 14. Bg3 Nh5 15. Be5 f6 16. Bg3 Bg4 17. Qd3 Kg7 18. Rfe1 Qd7 19. f3 Bf5 20. Qd2 Nxg3 21. hxg3 Rad8 22. Rad1 c5 23. d5 c4+ 24. Nd4 Bd3 25. Qf2 Re5 26. Rxe5 fxe5 27. Ne6+ Kg8 28. Nc5 Qc7 29.
N3a4 Rxd5 30. Nxb6 axb6 31. Nxd3 cxd3 32. Qe3 Qd6 33.
Rd2 Rd4 34. Kf2 b5 35. Qe1 Kg7 36. Qe3 Kg6 37. Kf1 h5 38. Qe1 Kf5 39. Qe3 Qd5 40.
Rd1 Qxa2 41. Rd2 Qd5 42. Qg1 b4 43. Qh1 Qc4 44. Qxh5 Qc1+ 0-1

[Event "Late-Titled-Tuesday-Blitz-October-03-2023"]
[Site "Chess.com"]
[Date "2023.10.03"]
[Round "11"]
[White "tomozupan"]
[Black "angelgab3"]
[Result "0-1"]
[WhiteElo "2246"]
[BlackElo "2532"]
[TimeControl "180+1"]
[EndTime "16:01:51 PDT"]
[Termination "angelgab3 won on time"]

1. d4 Nf6 2. Bg5 e6 3. e4 h6 4.
Bxf6 Qxf6 5. Nc3 b6 6. Nf3 Bb7 7. Qd2 Bb4 8. Bd3 Nc6 9. a3 Bxc3 10. Qxc3 O-O-O 11. O-O g5 12. b4 g4 13. e5 Qf4 14.
b5 gxf3 15. bxc6 Bxc6 16. g3 Qg4 17. Rfb1 h5 18. h4 Rhg8 19. Kh2 Be4 20. Ba6+ Bb7 21. Bf1 d6 22. a4 dxe5 23. dxe5 Qd4 24. Qxd4 Rxd4 25. a5 Rd2 26. Kg1 Rxc2 27. axb6 axb6 28. Ra7 Kb8 29. Ra3 Rd8 30. Bd3 Rd2 31. Ba6 Rd1+ 32.
Rxd1 Rxd1+ 33. Kh2 Rf1 34. Bxb7 Rxf2+ 35. Kg1 Rg2+ 36. Kf1 Kxb7 37. Rxf3 Rc2 38. Rxf7 b5 39. Rf4 c5 40. g4 hxg4 41. Rxg4 b4 42. Rg3 c4 43. Rh3 b3 44. Ke1 b2 45. Kd1 Rg2 0-1

[Event "Late-Titled-Tuesday-Blitz-October-03-2023"]
[Site "Chess.com"]
[Date "2023.10.03"]
[Round "11"]
[White "Zurability"]
[Black "azikom"]
[Result "1-0"]
[WhiteElo "2731"]
[BlackElo "2598"]
[TimeControl "180+1"]
[EndTime "16:01:57 PDT"]
[Termination "Zurability won on time"]

1. Nf3 d5 2. g3 Nf6 3. Bg2 c6 4. O-O Bg4 5. d3 Nbd7 6. Nbd2 e6 7. h3 Bh5 8. e4 dxe4 9. dxe4 Nc5 10. Qe2 Be7 11. Qe3 O-O 12. g4 Bg6 13. Ne5 Nfd7 14.
Nxg6 hxg6 15. e5 Nb6 16. Nf3 Nd5 17. Qe2 a5 18. a3 Qc7 19. c4 Nb6 20. Be3 a4 21. h4 Rad8 22. h5 gxh5 23. gxh5 Nb3 24. Rae1 Nd7 25. h6 g6 26. Bg5 Ndc5 27. Qe3 Nd3 28. Rd1 Nxb2 29. Rxd8 Rxd8 30. Qf4 Bxg5 31. Qxg5 Kh7 32. Qh4 Nd3 33. Ng5+ Kg8 34. Ne4 Nxe5 35. Qf6 1-0

[Event "Late-Titled-Tuesday-Blitz-October-03-2023"]
[Site "Chess.com"]
[Date "2023.10.03"]
[Round "11"]
[White "SanchezKelvin"]
[Black "ameetghasi100"]
[Result "0-1"]
[WhiteElo "2580"]
[BlackElo "2724"]
[TimeControl "180+1"]
[EndTime "16:01:59 PDT"]
[Termination "ameetghasi100 won on time"]

1. e4 g6 2. d4 Bg7 3. c4 d6 4.
Nc3 Nf6 5. Nf3 O-O 6. Be2 Bg4 7. Be3 Nfd7 8. Qd2 a6 9. O-O Nc6 10. d5 Bxf3 11. Bxf3 Na5 12. Be2 c5 13. Kh1 Rb8 14. Bh6 Bxh6 15. Qxh6 e5 16. dxe6 fxe6 17. Rad1 Ne5 18.
b3 Nac6 19. f4 Nf7 20. Qh3 Nd4 21. Bg4 Qf6 22. e5 dxe5 23. Ne4 Qe7 24. b4 exf4 25.
Nxc5 e5 26. Nd7 h5 27. Rxd4 exd4 28. Be6 Kg7 29. Bxf7 Qxf7 30. Nxb8 Rxb8 31. Qd3 Qf6 32. Rd1 Rd8 33. Kg1 g5 34. h3 g4 35. hxg4 hxg4 36.
Rf1 Qe5 37. Qd2 Qe3+ 38. Rf2 g3 39. Qxe3 dxe3 40. Rxf4 Rd1+ 41. Rf1 e2 0-1

[Event "Late-Titled-Tuesday-Blitz-October-03-2023"]
[Site "Chess.com"]
[Date "2023.10.03"]
[Round "11"]
[White "sergoy"]
[Black "ContrVersia"]
[Result "1-0"]
[WhiteElo "3024"]
[BlackElo "2895"]
[TimeControl "180+1"]
[EndTime "16:02:05 PDT"]
[Termination "sergoy won on time"]

1. d4 Nf6 2. c4 e6 3. Nf3 d5 4. Nc3 a6 5. cxd5 exd5 6. Bg5 Be6 7. Bxf6 Qxf6 8. Qb3 Ra7 9. g3 Qd8 10. h4 Bd6 11.
Ng5 c6 12. e4 O-O 13. e5 Bc7 14. Qc2 g6 15. Nxe6 fxe6 16. h5 g5 17. Bh3 Qe8 18. O-O-O b5 19. f4 gxf4 20. gxf4 Rxf4 21. Rhg1+ Kh8 22. Qg2 Bd8 23. Ne2 Rf8 24. h6 Rff7 25. Qg4 Qf8 26. Kb1 Rae7 27. Qh5 Nd7 28. Rg3 c5 29. Rdg1 cxd4 30. Nxd4 Nc5 31. Qg4 Re8 32. Qg7+ Qxg7 33. Rxg7 Rxg7 34. Rxg7 Rf8 35. Nxe6 Nxe6 36. Bxe6 d4 37. Kc2 Bb6 38. Kd3 Rf3+ 39. Ke4 Rf8 40. Bd5 Rd8 41. e6 d3 42. e7 Re8 43. Kxd3 Bc5 44.
Bf7 1-0

[Event "Late-Titled-Tuesday-Blitz-October-03-2023"]
[Site "Chess.com"]
[Date "2023.10.03"]
[Round "11"]
[White "SEBAZZANO"]
[Black "PNEPaul"]
[Result "0-1"]
[WhiteElo "2226"]
[BlackElo "1985"]
[TimeControl "180+1"]
[EndTime "16:02:05 PDT"]
[Termination "PNEPaul won on time"]

1. d4 a6 2. e4 d6 3. Nc3 g6 4.
Bf4 h6 5. Qd2 Bg7 6. Nf3 Nd7 7.
O-O-O e6 8. h4 Ne7 9. Kb1 b6 10.
g3 Bb7 11. Bg2 Nf6 12. Rhe1 Ng4 13. Bh3 h5 14. Bxg4 hxg4 15. Nh2 e5 16. Bg5 Qd7 17.
dxe5 Bxe5 18. Nd5 Nxd5 19. exd5 O-O 20. Rxe5 dxe5 21. Bf6 Qf5 22. Be7 Rfe8 23. Bg5 f6 24. Be3 Rad8 25. Qe2 Bxd5 26. Nxg4 Kh7 27. Nh2 Be4 28.
Kc1 Rxd1+ 29. Kxd1 Rd8+ 30. Kc1 Bd5 31. b3 Qe6 32. f3 Bb7 33. Ng4 f5 34. Nh2 Qd5 35.
Bg5 Rd7 36. Kb2 Qd4+ 37. Ka3 b5 0-1

[Event "Late-Titled-Tuesday-Blitz-October-03-2023"]
[Site "Chess.com"]
[Date "2023.10.03"]
[Round "11"]
[White "Mikhail_Golubev"]
[Black "rookoco"]
[Result "0-1"]
[WhiteElo "2610"]
[BlackElo "2783"]
[TimeControl "180+1"]
[EndTime "16:02:07 PDT"]
[Termination "rookoco won on time"]

1. e4 c5 2. Nf3 d6 3. d4 cxd4 4. Nxd4 Nf6 5. Nc3 g6 6. Be3 Bg7 7. f3 O-O 8. Qd2 Nc6 9. O-O-O d5 10. exd5 Nxd5 11. Nxc6 bxc6 12. Bd4 e5 13. Bc5 Be6 14. Ne4 Re8 15. h4 h6 16. h5 g5 17. g4 Qc7 18.
Bc4 Red8 19. Qf2 Nf4 20. Bxe6 Nxe6 21. Bd6 Qa5 22. a3 Nd4 23. c3 Ne6 24. Rd2 Nf4 25. Rhd1 Qb5 26. Qc5 Qb3 27. Bxe5 Rd5 28. Rxd5 cxd5 29.
Bxg7 Ne2+ 30. Kd2 Qxb2+ 31. Ke1 Nf4 32. Rd2 Qc1+ 33. Rd1 Qc2 34. Rd2 Nd3+ 35. Rxd3 Qxd3 36. Bxh6 Qb1+ 37. Ke2 Qc2+ 38. Ke3 Qc1+ 39. Kf2 dxe4 40. Bxg5 Qc2+ 41. Kg3 exf3 42. Bf4 Qg2+ 0-1

[Event "Late-Titled-Tuesday-Blitz-October-03-2023"]
[Site "Chess.com"]
[Date "2023.10.03"]
[Round "11"]
[White "jguerramzllo"]
[Black "WPWPWP-2015"]
[Result "0-1"]
[WhiteElo "2648"]
[BlackElo "2527"]
[TimeControl "180+1"]
[EndTime "16:02:07 PDT"]
[Termination "WPWPWP-2015 won by checkmate"]

1. e4 c5 2. Nf3 d6 3. d4 cxd4 4. Nxd4 Nf6 5. Nc3 a6 6. Be2 e5 7. Nb3 Be7 8. O-O O-O 9. Be3 Be6 10. Qd2 Nbd7 11. a4 Qc7 12. Rfd1 Nb6 13. a5 Nc4 14. Bxc4 Bxc4 15. f3 Rac8 16. Nc1 Be6 17. Bb6 Qc6 18. Nd3 Bd8 19. Be3 Be7 20. Nb4 Qc7 21.
Na4 h6 22. Nb6 Rcd8 23. c4 Rfe8 24. Rac1 Bf8 25. N4d5 Bxd5 26. cxd5 Qe7 27. Rc4 Nh5 28. Rdc1 Rb8 29. Rc7 Qd8 30. Rd7 Qf6 31. Rc8 Rexc8 32. Nxc8 Rxc8 33. Rxb7 Nf4 34. Rb6 Rc1+ 35. Kf2 Ra1 36.
Rxa6 Qg6 37. g3 Nh3+ 38. Kg2 Ng5 39. h4 Nh7 40. Ra8 Nf6 41. a6 Nxe4 42. fxe4 Qxe4+ 43.
Kf2 Qh1 44. Ke2 Qf1# 0-1

[Event "Late-Titled-Tuesday-Blitz-October-03-2023"]
[Site "Chess.com"]
[Date "2023.10.03"]
[Round "11"]
[White "luizzy"]
[Black "Aleksandar-Topalov"]
[Result "1/2-1/2"]
[WhiteElo "2576"]
[BlackElo "2431"]
[TimeControl "180+1"]
[EndTime "16:02:08 PDT"]
[Termination "Game drawn by repetition"]

1. b3 e6 2. Bb2 f5 3. e3 Nf6 4. g3 Be7 5. Bg2 O-O 6. Ne2 d6 7. O-O e5 8. d3 Nc6 9. c4 Qe8 10. Nbc3 Qh5 11. Nd5 Bd8 12. Nec3 Qh6 13. b4 Nxd5 14.
Nxd5 Ne7 15. c5 Nxd5 16. Bxd5+ Kh8 17. cxd6 cxd6 18. f4 Bb6 19. d4 Be6 20. Bxb7 Rab8 21. Bg2 Rfc8 22. Kh1 Bc4 23. Re1 e4 24. a4 a5 25. b5 Qe6 26. Qd2 Bd3 27. Rec1 Qb3 28.
Bh3 Qd5 29. Rxc8+ Rxc8 30. Rc1 Rc4 31. Rxc4 Bxc4 32. Bc3 Bd3 33. Bxa5 Qb3 34. Kg2 Bxa5 35. Qxa5 Qc2+ 36. Kg1 Qc1+ 37. Kf2 Qc2+ 38. Kg1 Qd1+ 39. Kf2 Qe2+ 40. Kg1 Qxe3+ 41. Kg2 Qe2+ 42. Kg1 Qe3+ 43.
Kg2 Qe2+ 44. Kg1 Qe3+ 1/2-1/2

[Event "Late-Titled-Tuesday-Blitz-October-03-2023"]
[Site "Chess.com"]
[Date "2023.10.03"]
[Round "11"]
[White "Verony64"]
[Black "FM_Kappeler"]
[Result "0-1"]
[WhiteElo "2204"]
[BlackElo "2250"]
[TimeControl "180+1"]
[EndTime "16:02:09 PDT"]
[Termination "FM_Kappeler won on time"]

1. d4 d5 2. c4 c6 3. cxd5 cxd5 4. Nc3 Nf6 5. Bf4 Nc6 6. e3 a6 7. Bd3 Bg4 8. f3 Bh5 9. Nge2 e6 10. O-O Bd6 11.
a3 O-O 12. Rc1 Rc8 13. b4 Bg6 14. Na4 Bxd3 15. Qxd3 e5 16. Bg5 h6 17. Bh4 Re8 18.
Nc5 Bxc5 19. Rxc5 exd4 20. Nxd4 Ne5 21. Qc2 Nc4 22. Rxc8 Qxc8 23. Bxf6 Nxe3 24. Qxc8 Rxc8 25. Re1 Rc3 26. Bh4 Rxa3 27. Bf2 Nc4 28. h4 Ra4 29. Re8+ Kh7 30. Re7 Rxb4 31. Rxf7 a5 32. Ne6 Kg6 33. Rd7 Kf6 34. Nxg7 Ke5 35. Re7+ Kd6 36. Re6+ Kd7 37. Bc5 Rb2 38. Re7+ Kc6 39. Bd4 a4 40. Re6+ Kd7 41.
Rxh6 Rd2 42. Nf5 a3 43. Rh7+ Kc6 44. Rh6+ Kb5 0-1

[Event "Late-Titled-Tuesday-Blitz-October-03-2023"]
[Site "Chess.com"]
[Date "2023.10.03"]
[Round "11"]
[White "Ali_rastbod"]
[Black "Anton_Demchenko"]
[Result "0-1"]
[WhiteElo "2716"]
[BlackElo "2914"]
[TimeControl "180+1"]
[EndTime "16:02:10 PDT"]
[Termination "Anton_Demchenko won on time"]

1. e4 e5 2. Nf3 Nc6 3. Nc3 Nf6 4. h3 g6 5. Bc4 Bg7 6. O-O d6 7. d3 Be6 8. a4 Qd7 9. Ng5 Bxc4 10.
dxc4 h6 11. Nf3 g5 12. Nh2 a5 13. Be3 b6 14. Ng4 Nh5 15. Nxe5 Bxe5 16. Qxh5 Bxc3 17. bxc3 Rg8 18. Qxh6 g4 19. h4 O-O-O 20. Qf6 Ne5 21. Qf5 Nxc4 22. Bd4 Qe6 23. Rfe1 Rde8 24. h5 Ne5 25.
Bxe5 dxe5 26. Rad1 Rh8 27. Qxe6+ Rxe6 28. Kf1 Rxh5 29.
Ke2 Rh2 30. Rg1 Rc6 31. Kd3 Rhh6 32. Rh1 Rhf6 33. Rh8+ Kb7 34. Ke2 Rxc3 35. Rd2 Rc4 36. f3 gxf3+ 37. gxf3 Rxa4 38. Rdd8 Rc4 39. Kd3 Rfc6 40.
Rb8+ Ka6 41. Ra8+ Kb5 42. Rh2 Rc3+ 0-1